 Dungeon Crawl Stone Soup version 0.30.1-11-g7821555f0a (webtiles) character file.

Game seed: 16074712941588679323

59 AppTheSpectato the Sneak (level 3, -1/18 HPs)
             Began as a Vampire Brigand on Nov 1, 2023.
             Slain by an orc
             ... wielding a +0 falchion
              (4 damage)
             ... on level 3 of the Dungeon.
             The game lasted 00:05:43 (1318 turns).

AppTheSpectato the Sneak (Vampire Brigand)          Turns: 1318, Time: 00:05:43

Health: -1/18      AC:  2    Str: 10    XL:     3   Next: 78%
Magic:  3/3        EV: 12    Int: 13    God:
Gold:   80         SH:  0    Dex: 17    Spells: 2/2 levels left

rFire   . . .        a - +2 dagger
rCold   + + .        (no shield)
rNeg    + + +        b - +0 robe
rPois   ∞            (no helmet)
rElec   .            (no cloak)
rCorr   .            (no gloves)
SInv    +            (no boots)
Will    .....        (no amulet)
Stlth   +++++        (no ring)
HPRegen 0.00/turn    (no ring)
MPRegen 0.08/turn

%: no passive effects
@: bloodless, inhibited regen
A: bloodless, fangs 3, see invisible, vampiric 2, [frail 1]
a: Bat Form, Revivify


You were on level 3 of the Dungeon.
You visited 1 branch of the dungeon, and saw 3 of its levels.

You collected 80 gold pieces.

Inventory:

Hand Weapons
 a - a +2 dagger (weapon)
Missiles
 d - 15 poisoned darts (quivered)
 e - 3 curare-tipped darts
Armour
 b - a +0 robe (worn)
 p - a +1 cloak
Jewellery
 c - a +4 ring of slaying
Scrolls
 f - a scroll of vulnerability {unknown}
 g - a scroll of silence {unknown}
 h - 2 scrolls of teleportation {unknown}
 j - a scroll of magic mapping {unknown}
 k - 2 scrolls of identify {unknown}
 l - a scroll of enchant weapon {unknown}
 m - a scroll of amnesia {unknown}
 n - 3 scrolls of brand weapon {unknown}
Potions
 i - a potion of berserk rage {unknown}
 o - a potion of heal wounds {unknown}


   Skills:
 + Level 2.3 Fighting
 + Level 2.9 Short Blades
 + Level 2.1 Throwing
 - Level 1.8 Dodging
 + Level 6.4 Stealth


You had 2 spell levels left.
You didn't know any spells.
Your spell library was empty.

Dungeon Overview and Level Annotations

Branches:
Dungeon (3/15)

Altars:


Innate Abilities, Weirdness & Mutations

You do not regenerate when monsters are visible.
You are frail without blood (-20% HP).
You can heal yourself when you bite living creatures.
You are immune to poison.
You have razor-sharp teeth.
You have supernaturally acute eyesight. (SInv)
You are afflicted with vampirism and can become a bat while bloodless.
[You are frail. (-10% HP)]


Message History

The hobgoblin misses you.
You hit the hobgoblin.
The hobgoblin is heavily wounded.
You barely miss the hobgoblin. Your bite misses the hobgoblin.
The hobgoblin is heavily wounded.
The hobgoblin hits you but does no damage.
You closely miss the hobgoblin. You bite the hobgoblin.
You draw the hobgoblin's blood!
The hobgoblin is almost dead.
The orc closely misses you.
The hobgoblin hits you but does no damage.
You hit the hobgoblin.
You kill the hobgoblin!
The orc hits you with a +0 hand axe.
You hit the orc.
The orc is moderately wounded.
The orc barely misses you. The orc hits you with a +0 hand axe.
A dart slug comes into view.
You hit the orc.
You kill the orc!
The orc barely misses you.
You closely miss the orc. You hit the orc.
The orc is heavily wounded.
You completely miss the orc.
The orc is heavily wounded.
The orc closely misses you. The orc hits you with a +3 short sword.
You are too injured to fight recklessly!
You are too injured to fight recklessly!
You are too injured to fight recklessly!
You are too injured to fight recklessly!
You are too injured to fight recklessly!
The orc attacks as you move away! The orc hits you with a +3 short sword.
* * * LOW HITPOINT WARNING * * *
The orc hits you with a +0 falchion.
* * * LOW HITPOINT WARNING * * *
The orc attacks as you move away! The orc misses you.
There is a stone staircase leading up here.
The orc hits you with a +0 falchion.
You die...

.## ..# .. .# #
##<# .
#..######..###...
#......o)#......
#..@o.o..w...
#.....#####......
.J### ..... ....
###


You could see a dart slug, 3 orcs and an endoplasm (asleep).

Vanquished Creatures
  An adder (D:2)
  A worm (D:2)
  2 dart slugs (D:1)
  An orc (D:3)
  6 bats
  4 endoplasms (D:1)
  4 giant cockroaches
  6 hobgoblins
  A quokka (D:1)
  3 ball pythons
  A frilled lizard (D:2)
  4 goblins
  3 kobolds
  3 rats
40 creatures vanquished.

Notes
Turn   | Place    | Note
-------+----------+-------------------------------------------
     0 | D:1      | AppTheSpectato the Vampire Brigand began the quest for the
                  | Orb.
     0 | D:1      | Reached XP level 1. HP: 16/16 MP: 1/1
   120 | D:1      | Reached skill level 6 in Stealth
   143 | D:1      | Reached XP level 2. HP: 19/19 MP: 2/2
   568 | D:1      | Gained mutation: You are afflicted with vampirism and can
                  | become a bat while bloodless. [Vampire growth]
   568 | D:1      | Reached XP level 3. HP: 19/24 MP: 3/3
   614 | D:1      | Found a faded altar of an unknown god.
  1318 | D:3      | Slain by an orc

Illustrated notes

Levels and vault maps discovered:
D:1:      dpeg_arrival_line_fractal, layout_basic,
          shapermc_ecumenical_altar_mp_urbaneastern,
          nicolae_kite_square_tiling_tiny
D:2:      layout_loops_ring
D:3:      layout_rooms, mainiacjoe_overflow_chevrons, vehumet_statue,
          uniq_jessica

Skill      XL: |  1  2  3 |
---------------+----------+-----
Stealth        | 6 |  6.4
Fighting       | 2 |  2.3
Throwing       | 2 |  2.1
Short Blades   | |  2.9
Dodging        | |  1.8

Action                     || total
---------------------------++-------
  Melee: Dagger            ||    96
         Bite              ||     5
         Punch             ||     1
Ability: Exsanguinate      ||     2
         Revivify          ||     1
   Stab: Sleeping          ||    19
         Distracted        ||     1
 Armour: Robe              ||    20
  Dodge: Dodged            ||    49
